 Dungeon Crawl Stone Soup version 0.18-a0-1347-gb9e2fb4 (webtiles) character file.

2768 Oddball22 the Magician (level 9, 0/44 HPs)
             Began as a Vine Stalker Enchanter on Feb 17, 2016.
             Was an Initiate of Ashenzari.
             Shot with a sling bullet by Joseph (14 damage)
             ... on level 7 of the Dungeon.
             The game lasted 00:34:42 (6964 turns).

Oddball22 the Magician (Vine Stalker Enchanter)     Turns: 6964, Time: 00:34:43

Health: 0/44       AC:  4    Str: 11    XL:     9   Next: 69%
Magic:  0/21       EV: 14    Int: 15    God:    Ashenzari [......]
Gold:   338        SH:  0    Dex: 18    Spells: 5 memorised, 11 levels left

rFire  . . .     SeeInvis .     a - +2 dagger
rCold  . . .     Gourm    .     b - +2 robe
rNeg   . . .     Faith    .     (no shield)
rPois  .         Spirit   +     (no helmet)
rElec  .         Dismiss  .     (no cloak)
rCorr  .         Reflect  .     (no gloves)
SustAt .         Harm     .     (no boots)
MR     +....                    (no amulet)
Stlth  +++.......               (no ring)
                                (no ring)

@: somewhat resistant to hostile enchantments, fairly stealthy
A: fangs 3, regeneration 2, magic shield, antimagic bite, no device heal 3, rot
immunity
a: Curse Item, Renounce Religion


You were on level 7 of the Dungeon.
You worshipped Ashenzari.
Ashenzari was noncommittal.
You were not hungry.

You visited 2 branches of the dungeon, and saw 8 of its levels.

You collected 404 gold pieces.
You spent 66 gold pieces at shops.

Inventory:

Hand Weapons
 a - a +2 dagger (weapon)
 C - a -1 blowgun
 M - a +2 falchion of holy wrath
Missiles
 h - 21 poisoned needles
 j - 8 poisoned bolts
 n - 39 bolts
 x - 96 arrows
 G - 7 poisoned arrows
 K - 3 javelins (quivered)
Armour
 b - a +2 robe (worn)
 N - a +2 leather armour of cold resistance
Wands
 o - a wand of iceblast (8/15)
 q - a wand of flame (35/48)
 y - a wand of acid (3/15)
 Q - a wand of slowing (33/48)
 S - a wand of lightning (10/15)
Scrolls
 f - 5 scrolls of remove curse
 i - 5 scrolls of identify
 l - a scroll of immolation
 m - 3 scrolls of enchant armour
 B - a scroll of blinking {unknown}
 H - a scroll of enchant weapon
 I - a scroll of teleportation
 J - a scroll of vulnerability {unknown}
 P - a scroll of summoning {unknown}
Potions
 e - a potion of brilliance {unknown}
 k - 2 potions of heal wounds {unknown}
 r - a potion of degeneration {unknown}
 s - a potion of cancellation {unknown}
 t - 2 potions of flight {unknown}
 u - a potion of cure mutation {unknown}
 v - 5 potions of curing {unknown}
 w - 2 potions of might {unknown}
 A - 2 potions of berserk rage {unknown}
 D - a potion of agility {unknown}
 E - a potion of magic {unknown}
 F - 2 potions of lignification {unknown}
 L - 2 potions of beneficial mutation {unknown}
Books
 c - a book of Maledictions

   Spells                             Type                      Level
   a - Corona                         Hexes                        1
   b - Ensorcelled Hibernation        Hexes/Ice                    2
   c - Confuse                        Hexes                        3
   d - Tukima's Dance                 Hexes                        3
   e - Dazzling Spray                 Conjuration/Hexes            3
Comestibles
 d - 6 bread rations
 g - 2 slices of pizza
 p - 2 fruits
 z - 3 meat rations
 O - a beef jerky
 R - 6 chunks of flesh


   Skills:
 - Level 3.5 Fighting
 - Level 3.9 Short Blades
 - Level 3.6 Dodging
 - Level 3.6 Stealth
 + Level 7.8 Spellcasting
 - Level 7.3 Hexes
 * Level 3.4 Ice Magic


You had 11 spell levels left.
You knew the following spells:

 Your Spells              Type           Power        Failure   Level  Hunger
a - Corona                Hex            ####...      1%          1    None
b - Ensorcelled Hibernat  Hex/Ice        ###...       1%          2    None
c - Confuse               Hex            ####....     1%          3    ##.....
d - Tukima's Dance        Hex            ####....     1%          3    ##.....
e - Dazzling Spray        Conj/Hex       ###.....     10%         3    ##.....


Dungeon Overview and Level Annotations

Branches:
Dungeon (7/15)             Temple (1/1) D:4

Altars:
Ashenzari
Cheibriados
Dithmenos
Elyvilon
Fedhas
Gozag
Kikubaaqudgha
Makhleb
Nemelex Xobeh
Okawaru
Pakellas
Qazlal
Ru
Sif Muna
Trog
Vehumet
Xom
Yredelemnul
Zin
The Shining One

Shops:
D:4 (   D:5 ?}

Annotations:
D:3 Oddball22's ghost, amateur VSEn
D:5 Oddball22's ghost, novice VSEn
D:7 Joseph


Innate Abilities, Weirdness & Mutations

You have razor-sharp teeth.
You heal very quickly.
When hurt, damage is shared between your health and your magic reserves.
Your bite disrupts and absorbs the magic of your enemies.
Potions and wands cannot restore your health.
You are immune to rotting.


Message History

Joseph shouts!
Joseph shoots a sling bullet.
The sling bullet hits you!
You see here 2 sling bullets.
Casting: Confuse
Confirm with . or Enter, or press ? or * to list all spells.
Aiming: Ensorcelled Hibernation
Press: ? - help, Shift-Dir - straight line, f/p - Joseph
Aim: Joseph, wielding a hunting sling and wearing a leather armour (severely wounded, chance to defeat MR: 34%) Joseph easily resists.
Joseph shoots a sling bullet.
The sling bullet hits you!
* * * LOW HITPOINT WARNING * * *
Joseph shoots a sling bullet.
The sling bullet misses you.
Things that are here:
an uncursed quarterstaff; 2 sling bullets
Casting: Ensorcelled Hibernation
Confirm with . or Enter, or press ? or * to list all spells.
Aiming: Ensorcelled Hibernation
Press: ? - help, Shift-Dir - straight line, f/p - Joseph
Aim: Joseph, wielding a hunting sling and wearing a leather armour (severely wounded, chance to defeat MR: 34%) Joseph easily resists.
Joseph shoots a sling bullet.
The sling bullet hits you!
You die...

##...# #.###
###.# #.# #.#
#.# #.# #.# #.#
#.### ######.#
#.... ##
#.รท....# ####.
#..
#####.###### #.
#@. #..@(..(#
## .. #@###(#.#
#.#.#.#(###(#.#
#...........#.#
###.#.#@(.....#
#.#.#########
....######
#.##.. ..#
#.##.# #.######
###


You could see Joseph.

Vanquished Creatures
  Sigmund (D:5)
  Menkaure (D:5)
  2 water moccasins
  Duvessa (D:7)
  An orc warrior (D:6)
  An ice beast (D:7)
  A sky beast (D:5)
  3 ogres
  A crocodile (D:6)
  A centaur (D:6)
  A giant frog (D:6)
  A gnoll sergeant (D:6)
  Dowan (D:7)
  2 scorpions
  8 wights
  2 crimson imps
  2 centaur zombies (D:7)
  A quasit (D:5)
  2 hounds
  3 jellies
  2 orc priests
  A giant frog skeleton (D:7)
  2 iguanas (D:7)
  4 worker ants
  3 orc wizards
  2 hound skeletons (D:7)
  5 gnolls (D:6)
  6 adders
  A shadow imp (D:5)
  An ooze (D:2)
  An adder zombie (D:5)
  5 worms
  6 giant geckos
  19 orcs
  5 bats
  10 giant cockroaches
  12 goblins
  6 hobgoblins
  4 jackals (D:3)
  2 kobolds (D:3)
  6 quokkas
  A ball python (D:3)
  4 giant newts
  A quokka zombie (D:5)
  8 rats
153 creatures vanquished.

Vanquished Creatures (collateral kills)
  A gnoll (D:7)
1 creature vanquished.

Vanquished Creatures (others)
  A dancing weapon (D:7)
1 creature vanquished.

Grand Total: 155 creatures vanquished

Notes
Turn   | Place    | Note
--------------------------------------------------------------
     0 | D:1      | Oddball22 the Vine Stalker Enchanter began the quest for the Orb.
     0 | D:1      | Reached XP level 1. HP: 9/9 MP: 4/4
    55 | D:1      | Reached skill level 1 in Short Blades
   121 | D:1      | Reached XP level 2. HP: 14/14 MP: 6/6
   443 | D:2      | Learned a level 2 spell: Ensorcelled Hibernation
   497 | D:2      | Reached XP level 3. HP: 8/17 MP: 5/8
   746 | D:2      | Reached skill level 1 in Fighting
   868 | D:2      | Found a white marble altar of Elyvilon.
   994 | D:2      | Reached XP level 4. HP: 19/22 MP: 7/9
  1440 | D:2      | Learned a level 3 spell: Confuse
  1444 | D:2      | Learned a level 3 spell: Tukima's Dance
  1802 | D:3      | Found a glowing silver altar of Zin.
  1968 | D:3      | Found a faded altar to an unknown god.
  1998 | D:3      | Noticed Oddball22's ghost (amateur VSEn)
  2035 | D:4      | Found Fuyschudgh's Antique Weapon Shoppe.
  2091 | D:4      | Reached XP level 5. HP: 9/26 MP: 5/11
  2352 | D:4      | Found a staircase to the Ecumenical Temple.
  2404 | Temple   | Entered the Ecumenical Temple
  2522 | Temple   | Became a worshipper of Ashenzari the Shackled
  2539 | D:4      | Noticed an ogre
  2556 | D:4      | Killed an ogre
  2556 | D:4      | Gained mutation: You heal very quickly. [Vine Stalker growth]
  2556 | D:4      | Reached XP level 6. HP: 20/30 MP: 7/12
  2769 | D:4      | Found an oddly glowing altar of Pakellas.
  2770 | D:4      | Reached skill level 4 in Spellcasting
  3012 | D:4      | Found a sacrificial altar of Ru.
  3044 | D:4      | Learned a level 3 spell: Dazzling Spray
  3048 | D:5      | Entered Level 5 of the Dungeon
  3052 | D:5      | Noticed Menkaure
  3140 | D:5      | Noticed Sigmund
  3155 | D:5      | Killed Sigmund
  3155 | D:5      | Reached XP level 7. HP: 33/35 MP: 10/15
  3190 | D:5      | Noticed Oddball22's ghost (novice VSEn)
  3552 | D:5      | Reached skill level 5 in Spellcasting
  3864 | D:5      | Found Fadig's Magic Scroll Emporium.
  3887 | D:5      | Bought a scroll of remove curse for 33 gold pieces
  3887 | D:5      | Bought a scroll of remove curse for 33 gold pieces
  3895 | D:5      | Found a shimmering altar of Xom.
  4138 | D:6      | Found a sacrificial altar of Ru.
  4155 | D:6      | Gained mutation: You have razor-sharp teeth. [Vine Stalker growth]
  4155 | D:6      | Reached XP level 8. HP: 12/40 MP: 5/17
  4741 | D:6      | Reached skill level 6 in Spellcasting
  5066 | D:5      | Found Cebusis's Gadget Boutique.
  5136 | D:5      | Killed Menkaure
  5226 | D:6      | Reached skill level 5 in Hexes
  5672 | D:5      | Reached XP level 9. HP: 44/44 MP: 20/20
  5761 | D:6      | Reached skill level 7 in Spellcasting
  5854 | D:6      | Found a blossoming altar of Fedhas.
  6305 | D:7      | Found a snail-covered altar of Cheibriados.
  6431 | D:7      | Reached skill level 1 in Ice Magic
  6571 | D:7      | Reached * piety under Ashenzari
  6615 | D:7      | Noticed Dowan
  6617 | D:7      | Noticed Duvessa
  6618 | D:7      | Killed Dowan
  6627 | D:7      | Killed Duvessa
  6712 | D:7      | Noticed a moth of wrath
  6715 | D:7      | Found a bloodstained altar of Trog.
  6877 | D:7      | Noticed Joseph
  6964 | D:7      | Shot with a sling bullet by Joseph

Vault maps used:
D:1:      dpeg_arrival_rhombi, nrook_mini_vaults, minivault_4
D:2:      lemuel_crystal_altar
D:3:      overflow_temple_1_default, first_bread, ecumenical_altar_1
D:4:      lemuel_round_altar, minmay_temple_entry_statues_fountains,
          serial_shops, nicolae_shop_overgrown_old_shop,
          nicolae_ru_path_of_blood
D:5:      serial_shops, kennysheep_mini_moat, kennysheep_little_box,
          basic_altar, uniq_sigmund, uniq_menkaure
D:6:      lemuel_crystal_altar, lemuel_coloured_pillars_altar
D:7:      tgw_trog, cheibriados_altar_wand_db, lightli_church_of_beogh,
          uniq_joseph, uniq_prince_ribbit1, uniq_duvessa
Temple:   circular_temple_13

Action                   |  1- 3 |  4- 6 |  7- 9 || total
-------------------------+-------+-------+-------++-------
Melee: Dagger            |    88 |   137 |   350 ||   575
       Blowgun           |       |    27 |       ||    27
 Fire: Blowgun           |       |    25 |       ||    25
 Cast: Corona            |    16 |    20 |    60 ||    96
       Ensorcelled Hiber |     2 |     5 |    62 ||    69
       Confuse           |       |       |    23 ||    23
       Tukima's Dance    |       |       |     7 ||     7
Evoke: Wand              |       |       |     6 ||     6
  Use: Scroll            |       |     8 |       ||     8
 Stab: Sleeping          |     6 |    10 |    27 ||    43
       Confused          |       |       |    11 ||    11
  Eat: Chunk             |     1 |     6 |    11 ||    18
       Beef jerky        |       |       |     1 ||     1
       Royal jelly       |       |       |     1 ||     1
